 Dungeon Crawl Stone Soup version 0.29-a0-632-g781b4ac09e (webtiles) character file.

Game seed: 17238262094132716987

2815 Bruhh the Conjurer (level 9, -6/52 HPs)
             Began as a Tengu Air Elementalist on June 18, 2022.
             Was a Follower of Vehumet.
             Mangled by a shadow (24 damage)
             ... on level 8 of the Dungeon on June 19, 2022.
             The game lasted 00:13:31 (9636 turns).

Bruhh the Conjurer (Tengu Air Elementalist)         Turns: 9636, Time: 00:13:32

Health: -6/52      AC:  8    Str:  8    XL:     9   Next: 72%
Magic:  9/20       EV: 14    Int: 26    God:    Vehumet [*.....]
Gold:   155        SH:  0    Dex: 15    Spells: 7/21 levels left

rFire   . . .      SeeInvis .   u - +1 dagger (venom)
rCold   . . .      Faith    .   (no shield)
rNeg    . . .      Spirit   .   E - +0 steam dragon scales
rPois   .          Reflect  .   (helmet restricted)
rElec   .          Harm     .   d - +2 cloak {rCorr}
rCorr   +          Rampage  .   (no gloves)
Will    .....                   (boots unavailable)
Stlth   ++........              (no amulet)
HPRegen 0.17/turn               v - +6 ring of intelligence
MPRegen 0.17/turn               (no ring)

@: flying quickly and evasively, quick
A: beak, talons 3, nimble flight
a: Renounce Religion


You were on level 8 of the Dungeon.
You worshipped Vehumet.
Vehumet was aware of your devotion.
You visited 1 branch of the dungeon, and saw 8 of its levels.

You collected 330 gold pieces.
You spent 175 gold pieces at shops.

Inventory:

Hand Weapons
 u - a +1 dagger of venom (weapon)
Armour
 a - a +0 robe
 d - a +2 cloak of preservation (worn)
 E - +0 steam dragon scales (worn)
Jewellery
 v - a +6 ring of intelligence (left hand)
 z - a ring of ice
Wands
 i - a wand of light (10)
 o - a wand of iceblast (10)
Scrolls
 c - 2 scrolls of noise
 f - 5 scrolls of teleportation
 h - 2 scrolls of poison
 j - a scroll of enchant weapon
 k - 2 scrolls of fog
 n - a scroll of immolation {unknown}
 p - a scroll of summoning {unknown}
 s - 4 scrolls of torment {unknown}
 t - a scroll of magic mapping {unknown}
 y - a scroll of enchant armour {unknown}
 A - a scroll of amnesia {unknown}
 B - a scroll of identify
 C - a scroll of blinking {unknown}
Potions
 b - 2 potions of magic
 e - 2 potions of berserk rage
 l - a potion of mutation {unknown}
 m - a potion of might
 q - a potion of flight
 r - a potion of invisibility
 w - a potion of brilliance
 x - 3 potions of curing
 D - 2 potions of attraction {unknown}


   Skills:
 + Level 4.6 Fighting
 - Level 2.1 Dodging
 - Level 2.0 Stealth
 + Level 6.7 Spellcasting
 - Level 7.0 Conjurations
 - Level 7.0 Air Magic
 - Level 7.0 Poison Magic


You had 7 spell levels left.
You knew the following spells:

 Your Spells              Type           Power      Damage    Failure   Level
a - Shock                 Conj/Air       100%       1d9       1%          1
b - Static Discharge      Conj/Air       45%        N/A       1%          2
c - Mephitic Cloud        Conj/Pois/Air  45%        N/A       1%          3
d - Airstrike             Air            22%        N/A       3%          4
e - Olgreb's Toxic Radia  Pois           45%        N/A       3%          4

Your spell library contained the following spells:

 Spells                   Type           Power      Damage    Failure   Level
 Freeze                   Ice            32%        1d5       6%          1
 Magic Dart               Conj           100%       1d8       1%          1
 Sting                    Tmut/Pois      100%       1d8       1%          1
 Poisonous Vapours        Pois/Air       90%        N/A       1%          2
 Swiftness                Air            45%        N/A       1%          3
 Necrotize                Necr           32%        1d5       6%          1
 Blink                    Tloc           16%        N/A       10%         2
 Call Imp                 Summ           8%         N/A       10%         2
 Lesser Beckoning         Tloc           8%         N/A       19%         3
 Vampiric Draining        Necr           8%         2d6       19%         3
 Agony                    Necr           8%         N/A       87%         5
 Manifold Assault         Tloc           8%         N/A       87%         5


Dungeon Overview and Level Annotations

Branches:
Dungeon (8/15)             Temple (0/1) D:6
   Lair: D:8-11

Altars:
Cheibriados
Dithmenos
Hepliaklqana
Makhleb
Vehumet

Shops:
D:4 !   D:7 ?*


Innate Abilities, Weirdness & Mutations

You have a beak for a mouth.
You have claws for feet.
Your magical nature lets you fly swiftly and evasively.


Message History

The vampire mosquito misses you.
Casting: Shock (safe; 1% risk of failure)
Confirm with . or Enter, or press ? or * to list all spells.
Aiming: Shock (safe; 1% risk of failure)
Press: ? - help, Shift-Dir - straight line, f/p - two-headed ogre
Aim: a two-headed ogre, wielding a +0 giant club and a +0 giant spiked club (heavily wounded, extremely poisoned, 88% to hit)
The zap hits the vampire mosquito.
The vampire mosquito is lightly damaged.
The zap hits the cyclops!
The cyclops is severely wounded.
The zap hits the two-headed ogre!
The two-headed ogre is severely wounded.
The vampire mosquito bites you.
The vampire mosquito draws strength from your injuries!
The bullfrog barely misses you. The vampire mosquito bites you!
The vampire mosquito draws strength from your injuries!
Unknown command.
Casting: Shock (safe; 1% risk of failure)
Confirm with . or Enter, or press ? or * to list all spells.
The bullfrog is struck by an arc of lightning.
The bullfrog is severely wounded.
Something is struck by an arc of lightning!
The vampire mosquito is struck by an arc of lightning.
The vampire mosquito is lightly damaged.
The bullfrog is struck by an arc of lightning!
The bullfrog is almost dead.
The lightning grounds out.
Something is struck by an arc of lightning!
You are struck by an arc of lightning.
The vampire mosquito is struck by an arc of lightning.
The vampire mosquito is moderately damaged.
The bullfrog is struck by an arc of lightning.
You kill the bullfrog!
Vehumet accepts your kill.
The vampire mosquito is struck by an arc of lightning.
The vampire mosquito is heavily damaged.
The lightning grounds out.
The vampire mosquito bites you.
The vampire mosquito draws strength from your injuries!
The shadow strikes at you from the darkness!
You die...

#########
#@†......
#y.......
#C.######
#O.#.....
#..#.....
#..# .?$$
#....y$)$.
#..#..$$(.
#..#......


You could see a two-headed ogre (very poisoned), a cyclops (very poisoned) and a
vampire mosquito.

Vanquished Creatures
  A two-headed ogre (D:7)
  Joseph (D:7)
  2 steam dragons (D:7)
  An orc warrior (D:4)
  2 ice beasts (D:7)
  2 ogres (D:6)
  A kobold brigand (D:7)
  3 phantoms
  4 bullfrogs
  A necrophage (D:5)
  2 scorpions
  3 hounds
  A jelly (D:5)
  2 orc priests
  4 iguanas
  An orc wizard (D:4)
  Robin (D:3)
  7 adders
  4 gnolls
  A white imp (D:4)
  An ufetubus (D:5)
  3 worms
  A dart slug (D:4)
  8 orcs
  6 ball pythons
  11 bats
  2 endoplasms
  3 giant cockroaches
  15 goblins
  10 hobgoblins
  A jackal (D:4)
  3 quokkas
  A frilled lizard (D:1)
  10 kobolds
  9 rats
  A spectral hobgoblin (D:1)
129 creatures vanquished.

Notes
Turn   | Place    | Note
-------+----------+-------------------------------------------
     0 | D:1      | Bruhh the Tengu Air Elementalist began the quest for the
                  | Orb.
     0 | D:1      | Reached XP level 1. HP: 10/10 MP: 4/4
   298 | D:1      | Reached XP level 2. HP: 15/15 MP: 4/6
   669 | D:1      | Reached XP level 3. HP: 17/19 MP: 3/7
   749 | D:1      | Found a faded altar of an unknown god.
  1533 | D:2      | Found a snail-covered altar of Cheibriados.
  1829 | D:2      | Learned a level 2 spell: Static Discharge
  2348 | D:3      | Reached XP level 4. HP: 22/24 MP: 0/9
  3711 | D:4      | Found Qyladari's Distillery.
  3747 | D:4      | Found a shadowy altar of Dithmenos.
  3750 | D:4      | Identified the +1 helmet "Seseh" {rElec Int+4}
  3750 | D:4      | Noticed Robin
  4101 | D:4      | Upgraded the game from 0.29-a0-620-g13ace881f2 to
                  | 0.29-a0-632-g781b4ac09e
  4104 | D:4      | Gained mutation: Your magical nature lets you fly swiftly
                  | and evasively. [Tengu growth]
  4104 | D:4      | Reached XP level 5. HP: 25/28 MP: 4/11
  4651 | D:3      | Killed Robin
  4841 | D:4      | Reached skill level 5 in Conjurations
  4988 | D:4      | Noticed an orc warrior
  4994 | D:4      | Killed an orc warrior
  4995 | D:4      | Reached skill level 5 in Spellcasting
  4995 | D:4      | Reached XP level 6. HP: 30/32 MP: 4/14
  5206 | D:4      | Found a radiant altar of Vehumet.
  5213 | D:4      | Became a worshipper of Vehumet
  5495 | D:4      | Learned a level 3 spell: Mephitic Cloud
  5746 | D:5      | Entered Level 5 of the Dungeon
  5819 | D:5      | Reached skill level 5 in Air Magic
  5819 | D:5      | Reached XP level 7. HP: 34/36 MP: 7/15
  6376 | D:5      | Found a hazy altar of Hepliaklqana.
  6946 | D:5      | Learned a level 4 spell: Airstrike
  7005 | D:6      | Reached skill level 1 in Poison Magic
  7116 | D:6      | Found a burning altar of Makhleb.
  7184 | D:6      | Reached XP level 8. HP: 39/41 MP: 4/16
  7534 | D:6      | Found a staircase to the Ecumenical Temple.
  7982 | D:7      | Learned a level 4 spell: Olgreb's Toxic Radiance
  7984 | D:7      | Found Edooz's Magic Scroll Shoppe.
  7989 | D:7      | Bought a scroll of teleportation for 39 gold pieces
  7989 | D:7      | Bought a scroll of teleportation for 39 gold pieces
  7989 | D:7      | Bought a scroll of poison for 45 gold pieces
  7989 | D:7      | Bought a scroll of identify for 26 gold pieces
  7989 | D:7      | Bought a scroll of identify for 26 gold pieces
  8315 | D:7      | Reached skill level 5 in Poison Magic
  8566 | D:7      | Found Zepafeel's Assorted Antiques.
  8584 | D:7      | Reached * piety under Vehumet
  8584 | D:7      | Offered knowledge of Freeze by Vehumet.
  8879 | D:7      | Noticed Joseph
  8902 | D:7      | Killed Joseph
  8903 | D:7      | Reached XP level 9. HP: 30/49 MP: 3/18
  9381 | D:7      | Noticed a two-headed ogre
  9389 | D:7      | Killed a two-headed ogre
  9621 | D:8      | Noticed a cyclops
  9626 | D:8      | Noticed a two-headed ogre
  9636 | D:8      | Mangled by a shadow

Illustrated notes

Levels and vault maps discovered:
D:1:      dpeg_arrival_three_same_balls, layout_loops_ring,
          dreamdust_ecumenical_altar_drowned_temple
D:2:      minmay_chambers_of_ones, layout_basic, basic_altar
D:3:      layout_basic, serial_aquarium, aquarium_bridge_square
          [aquarium_subvault_bridge, aquarium_subvault_bridge,
          aquarium_subvault_balcony, aquarium_subvault_wall], aquarium_window_1,
          aquarium_window_fake, aquarium_window_1, aquarium_view_2d,
          aquarium_balcony_3a, aquarium_pool_side,
          chequers_serial_rivers_small_3
D:4:      layout_rooms, grunt_dithmenos_smoke_and_mirrors, serial_shops,
          shop_statue, st_stairs_7, hangedman_abyss_or_decor_lesser_grid,
          minmay_ruined_shrine, uniq_robin
D:5:      wander_river, layout_basic, worldfamousw_hep_ancestral_shrine,
          hex_large
D:6:      layout_loops_ring, bloody_makhleb, minmay_temple_entry_trees,
          nrook_loot_triangle
D:7:      layout_loops_ring, serial_shops, nicolae_shop_hallway_plus,
          nicolae_shop_advertising_works [nicolae_subvault_shop_adworks],
          uniq_joseph
D:8:      cheibrodos_elevator_heist, layout_cave_pods, nicolae_vehumet_radiance,
          nemelex_spade_bored_becter, kennysheep_mini,
          nicolae_ossuary_entry_monument, nicolae_blasting_shop,
          uniq_prince_ribbit1

Skill      XL: |  1  2  3  4  5  6  7  8  9 |
---------------+----------------------------+-----
Conjurations   | 2 3 4 5 7 |  7.0
Spellcasting   | 3 5 6 |  6.7
Air Magic      | 5 6 7 |  7.0
Poison Magic   | 2 7 |  7.0
Fighting       | 2 4 |  4.6
Dodging        | |  2.1
Stealth        | |  2.0

Action                   |  1- 3 |  4- 6 |  7- 9 || total
-------------------------+-------+-------+-------++-------
Melee: Unarmed           |     9 |     1 |       ||    10
       Kick              |     2 |     1 |    12 ||    15
       Peck              |     1 |     4 |     2 ||     7
       Dagger            |       |     8 |    27 ||    35
 Cast: Shock             |    90 |   105 |   106 ||   301
       Static Discharge  |       |    16 |    25 ||    41
       Airstrike         |       |       |     3 ||     3
       Olgreb's Toxic Ra |       |       |     5 ||     5
       Mephitic Cloud    |       |       |     1 ||     1
Evoke: Wand              |       |     2 |       ||     2
  Use: Potion            |       |     1 |     1 ||     2
       Scroll            |       |       |    10 ||    10
Armor: Robe              |     9 |    11 |     6 ||    26
       Steam dragon scal |       |       |    10 ||    10
Dodge: Dodged            |    25 |    23 |    42 ||    90

Table legend: (Time is in decaauts)
 A = Elapsed time spent in this place.
 B = Non-inter-level travel time spent in this place.
 C = Inter-level travel time spent in this place.
 D = Time resting spent in this place.
 E = Time spent auto-exploring this place.
 F = Levels seen in this place.
 G = Mean time per level.
                   A        B        C        D        E       F      G
               +--------+--------+--------+--------+--------+-----+--------+
         Total |   9353 |   9164 |    189 |    762 |   7450 |   8 | 1169.1 |
       Dungeon |   9353 |   9164 |    189 |    762 |   7450 |   8 | 1169.1 |
               +--------+--------+--------+--------+--------+-----+--------+

Top non-repeatable levels by time:
     D:3: 2391 daAuts
     D:7: 1579 daAuts
     D:1: 1205 daAuts
     D:5: 1124 daAuts
     D:4: 1124 daAuts
     D:2: 961 daAuts
     D:6: 951 daAuts
     D:8: 13 daAuts
